 Dungeon Crawl Stone Soup version 0.27-a0-1189-gb8eb6cee8e (webtiles) character file.

Game seed: 10315314578112603079

108 jasper the Magician (level 4, -11/30 HPs)
             Began as a Demonspawn Hedge Wizard on May 22, 2021.
             Was an Initiate of Sif Muna.
             Killed by divine providence
             ... invoked by an orc priest
              (12 damage)
             ... on level 3 of the Dungeon.
             The game lasted 00:05:08 (3314 turns).

jasper the Magician (Demonspawn Hedge Wizard)       Turns: 3314, Time: 00:05:08

Health: -11/30     AC:  4    Str: 10    XL:     4   Next: 58%
Magic:  5/11       EV: 11    Int: 18    God:    Sif Muna [......]
Gold:   67         SH:  0    Dex: 13    Spells: 0/13 levels left

rFire    . . .     SeeInvis .   g - +0 trident
rCold    . . .     Faith    .   (no shield)
rNeg     + . .     Spirit   .   d - +0 leather armour
rPois    .         Reflect  .   c - +0 hat
rElec    .         Harm     .   (no cloak)
rCorr    .         Rampage  .   (no gloves)
Will     .....                  s - +0 pair of boots
Stlth    ++........             (no amulet)
HPRegen  0.10/turn              i - ring of positive energy
MPRegen  0.12/turn              (no ring)

@: very slightly contaminated
A: big brain 1
a: Renounce Religion


You were on level 3 of the Dungeon.
You worshipped Sif Muna.
Sif Muna was noncommittal.
You visited 1 branch of the dungeon, and saw 3 of its levels.

You collected 67 gold pieces.

Inventory:

Hand Weapons
 a - a +0 dagger
 g - a +0 trident (weapon)
 p - a +4 short sword
Missiles
 e - 90 arrows
 h - 43 bolts
 j - 62 stones
 q - 7 javelins
Armour
 b - a +0 robe
 c - a +0 hat (worn)
 d - a +0 leather armour (worn)
 s - a +0 pair of boots (worn)
Magical Staves
 l - a staff of death
Jewellery
 i - a ring of positive energy (left hand)
 o - a +4 ring of evasion
Scrolls
 f - a scroll of fear
 k - a scroll of identify
 m - a scroll of blinking
 n - a scroll of enchant armour {unknown}
Potions
 r - a potion of lignification


   Skills:
 - Level 1.7 Dodging
 - Level 1.7 Stealth
 - Level 5.0 Spellcasting
 + Level 1.0 Conjurations
 - Level 1.0 Summonings
 - Level 0.8 Translocations
 + Level 0.0 Fire Magic
 + Level 0.1 Air Magic
 + Level 0.0 Poison Magic
 * Level 0.2 Invocations


You couldn't memorise any spells.
You knew the following spells:

 Your Spells              Type           Power      Damage    Failure   Level
a - Magic Dart            Conj           32%        1d4       12%         1
b - Call Imp              Summ           8%         N/A       19%         2
c - Blink                 Tloc           N/A        N/A       19%         2
d - Slow                  Hex            4%         N/A       26%         2
e - Mephitic Cloud        Conj/Pois/Air  6%         N/A       41%         3
f - Conjure Flame         Conj/Fire      6%         6-21      41%         3

Your spell library contained the following spells:

 Spells                   Type           Power      Damage    Failure   Level


Dungeon Overview and Level Annotations

Branches:
Dungeon (3/15)

Altars:
Sif Muna


Innate Abilities, Weirdness & Mutations

You have an unusually large brain. (Int +2)


Message History

You open the door.
An orc priest comes into view. It is wielding a +0 mace.
Casting: Call Imp (safe; 19% risk of failure)
Confirm with . or Enter, or press ? or * to list all spells.
A beastly little devil appears in a puff of frigid air.
You now have 9/11 mp.
Casting: Call Imp (safe; 19% risk of failure)
Confirm with . or Enter, or press ? or * to list all spells.
You miscast Call Imp.
You are very lightly contaminated with residual magic.
Nothing appears to happen.
The orc priest calls down the wrath of Beogh upon you.
Beogh smites you!
You hear a shout!
You take 14 damage, and have 16/30 hp.
MASSIVE DAMAGE!!
You now have 7/11 mp.
Casting: Call Imp (safe; 19% risk of failure)
Confirm with . or Enter, or press ? or * to list all spells.
A beastly little devil appears in a puff of flame.
An orc comes into view. It is wielding a +0 morningstar.
You now have 5/11 mp.
What are your orders? t - Shout!
Orders for allies: a - Attack new target. r - Retreat! s - Stop attacking. g - Guard the area. f - Follow me.
Anything else - Cancel.
Gang up on whom?
Press: ? - help, Dir - move target, f - orc priest
Aim: an orc priest, wielding a +0 mace and wearing a +0 leather armour (ally target) Attack!
The orc priest invokes the aid of Beogh against you.
Beogh smites you!
Ouch! That really hurt!
* * * LOW HITPOINT WARNING * * *
Your white imp gestures at the orc priest.
The puff of frost hits the orc priest!
You take 15 damage, and have 1/30 hp.
MASSIVE DAMAGE!!
The orc priest calls down the wrath of Beogh upon you.
Beogh smites you!
You die...

#..... #.o.o.
#...># #....#
#....# #....#
#....# #.5..##
#..5@'#
#####....##
.........#
####.....# #.
#.##.....#
..###+#+#....#'###
####
............##.#
#.<#
............##.###
#.##
............+....#
#.#


You could see an orc priest (ally target), an orc, a friendly crimson imp
(summoned) and a friendly white imp (summoned).

Vanquished Creatures
  3 adders
  A dart slug (D:2)
  A worm (D:2)
  4 endoplasms
  A giant cockroach (D:2)
  4 goblins
  2 hobgoblins
  4 jackals
  A quokka (D:3)
  5 ball pythons
  2 bats
  2 kobolds
  4 rats
34 creatures vanquished.

Vanquished Creatures (collateral kills)
  An iguana (D:2)
  4 adders
  An endoplasm (D:2)
  A goblin (D:2)
  A hobgoblin (D:2)
  A frilled lizard (D:2)
  A kobold (D:3)
10 creatures vanquished.

Grand Total: 44 creatures vanquished

Notes
Turn   | Place    | Note
-------+----------+-------------------------------------------
     0 | D:1      | jasper the Demonspawn Hedge Wizard began the quest for the
                  | Orb.
     0 | D:1      | Reached XP level 1. HP: 13/13 MP: 4/4
   764 | D:1      | Gained mutation: You have an unusually large brain. (Int
                  | +2) [demonic ancestry]
   764 | D:1      | Reached XP level 2. HP: 19/19 MP: 1/6
   778 | D:1      | Learned a level 2 spell: Call Imp
   781 | D:1      | Learned a level 2 spell: Blink
   784 | D:1      | Learned a level 2 spell: Slow
  1123 | D:2      | Reached skill level 4 in Spellcasting
  1123 | D:2      | Reached XP level 3. HP: 24/24 MP: 1/8
  1198 | D:1      | Learned a level 3 spell: Mephitic Cloud
  1733 | D:2      | Found a shimmering blue altar of Sif Muna.
  1740 | D:2      | Became a worshipper of Sif Muna the Loreminder
  1782 | D:2      | Found a faded altar of an unknown god.
  2063 | D:2      | Reached XP level 4. HP: 30/30 MP: 5/10
  3029 | D:3      | Reached skill level 5 in Spellcasting
  3144 | D:3      | Learned a level 3 spell: Conjure Flame
  3313 | D:3      | HP: 1/30 [orc priest/divine providence (15)]
  3314 | D:3      | Killed from afar by an orc priest

Illustrated notes

Levels and vault maps discovered:
D:1:      kennysheep_arrival_forest, layout_basic, st_stairs_13
D:2:      layout_basic, basic_ecumenical_altar, basic_altar, minmay_tromino_i4
D:3:      layout_basic, worldfamousw_hep_ancestral_shrine,
          general_overflow_altar

Skill      XL: |  1  2  3  4 |
---------------+-------------+-----
Spellcasting   | 4 5 |  5.0
Dodging        | |  1.7
Stealth        | |  1.7
Conjurations   | |  1.0
Summonings     | |  1.0
Translocations | |  0.8
Air Magic      | |  0.1
Invocations    | |  0.2

Action                   |  1- 3 |  4- 6 || total
-------------------------+-------+-------++-------
Melee: Trident           |    29 |    22 ||    51
 Cast: Magic Dart        |    55 |    17 ||    72
       Call Imp          |     9 |    16 ||    25
  Use: Scroll            |     2 |     3 ||     5
 Stab: Distracted        |       |     1 ||     1
Armor: Robe              |     2 |       ||     2
       Leather armour    |     3 |    12 ||    15
Dodge: Dodged            |    27 |    19 ||    46

Table legend: (Time is in decaauts)
 A = Elapsed time spent in this place.
 B = Non-inter-level travel time spent in this place.
 C = Inter-level travel time spent in this place.
 D = Time resting spent in this place.
 E = Time spent auto-exploring this place.
 F = Levels seen in this place.
 G = Mean time per level.
                   A        B        C        D        E       F      G
               +--------+--------+--------+--------+--------+-----+--------+
         Total |   3331 |   3257 |     74 |    688 |   2130 |   3 | 1110.3 |
       Dungeon |   3331 |   3257 |     74 |    688 |   2130 |   3 | 1110.3 |
               +--------+--------+--------+--------+--------+-----+--------+

Top non-repeatable levels by time:
     D:2: 1518 daAuts
     D:1: 1283 daAuts
     D:3: 529 daAuts
